 Dungeon Crawl Stone Soup version 0.16-a0-3105-gd90c058 (webtiles) character file.

310 Ololoev the Scratcher (level 6, -6/26 HPs)
             Began as a Felid Warper on Dec 12, 2014.
             Shot with an arrow by a centaur (15 damage)
             ... on level 5 of the Dungeon.
             The game lasted 00:20:17 (5325 turns).

Ololoev the Scratcher (Felid Warper)                Turns: 5325, Time: 00:20:17

Health: -6/26      AC:  2    Str:  7    XL:     6   Next: 18%
Magic:  11/14      EV: 19    Int: 16    God:
Gold:   247        SH:  0    Dex: 16    Spells: 4 memorised, 0 levels left
                                        Lives:  0   Deaths: 1

rFire  . . .     SeeInvis +       - Unarmed
rCold  . . .     Clarity  .     (armour unavailable)
rNeg   . . .     SustAb   .     (shield unavailable)
rPois  +         Gourm    .     (helmet unavailable)
rElec  .         Spirit   .     (cloak unavailable)
rCorr  +         Warding  .     (gloves unavailable)
rMut   .         Stasis   .     (boots unavailable)
MR     .....                    w - amulet of resist corrosion
Stlth  ++........               i - ring of poison resistance
                                o - +1 ring of evasion

@: very slightly contaminated, quick, not resistant to hostile enchantments,
unstealthy
A: paw claws, no armour, no weapons or thrown items, fangs 3, see invisible,
carnivore 3, speed 1, shaggy fur 2, slow metabolism 1
a: no special abilities


You were on level 5 of the Dungeon.
You were very full.

You visited 1 branch of the dungeon, and saw 5 of its levels.

You collected 247 gold pieces.

Notes
Turn   | Place    | Note
--------------------------------------------------------------
     0 | D:1      | Ololoev, the Felid Warper, began the quest for the Orb.
     0 | D:1      | Reached XP level 1. HP: 9/9 MP: 4/4
   260 | D:1      | Reached XP level 2. HP: 4/13 MP: 5/5
  1052 | D:1      | Reached skill level 5 in Translocations
  1136 | D:2      | Reached XP level 3. HP: 9/16 MP: 8/8
  1814 | D:2      | Learned a level 2 spell: Shroud of Golubria
  1924 | D:2      | Found a white marble altar of Elyvilon.
  2045 | D:3      | Found a shimmering altar of Xom.
  2048 | D:3      | Found an opulent altar of Gozag.
  2124 | D:3      | Noticed Robin
  2124 | D:3      | Noticed a scorpion
  2457 | D:1      | Reached XP level 4. HP: 5/19 MP: 10/10
  2704 | D:2      | Killed a scorpion
  2716 | D:2      | Learned a level 4 spell: Passage of Golubria
  2891 | D:3      | Found a bloodstained altar of Trog.
  2982 | D:3      | Slain by a goblin
  2983 | D:3      | Reached XP level 3. HP: -3/16 MP: 7/8
  2987 | D:3      | Reached XP level 4. HP: 17/19 MP: 10/10
  3014 | D:3      | Killed Robin
  3605 | D:3      | Reached skill level 5 in Unarmed Combat
  4405 | D:4      | Reached XP level 5. HP: 20/22 MP: 10/12
  4445 | D:4      | Reached skill level 6 in Unarmed Combat
  4705 | D:5      | Entered Level 5 of the Dungeon
  4714 | D:5      | Gained mutation: You are covered in thick fur (AC +2). [growing up]
  4714 | D:5      | Reached XP level 6. HP: 21/26 MP: 11/14
  4903 | D:5      | Found a staircase to the Ecumenical Temple.
  4906 | D:5      | Noticed an orc warrior
  4906 | D:5      | Noticed a centaur
  4935 | D:5      | HP: 1/26 [centaur/arrow (7)]
  5289 | D:4      | Learned a level 2 spell: Blink
  5325 | D:5      | Shot with an arrow by a centaur

Inventory:

Jewellery
 b - an uncursed ring of wizardry {unknown}
 i - a ring of poison resistance (right paw)
 o - a +1 ring of evasion (left paw)
 w - an amulet of resist corrosion (around neck)
Magical devices
 k - a wand of fire (10)
Scrolls
 d - 2 scrolls of blinking
 e - 2 scrolls of amnesia
 h - a scroll of noise {unknown}
 l - a scroll of magic mapping
 m - 2 scrolls of enchant weapon {unknown}
 q - 3 scrolls of teleportation
 r - 2 scrolls of recharging {unknown}
 u - a scroll of random uselessness {unknown}
Potions
 g - 2 potions of resistance
 n - a potion of haste {unknown}
 p - 2 potions of curing
 t - 2 potions of degeneration {unknown}
 v - a potion of poison {unknown}
Books
 c - a book of Spatial Translocations

   Spells                             Type                      Level
   a - Apportation                    Translocation                1
   b - Blink                          Translocation                2
   c - Shroud of Golubria             Charms/Translocation         2
   d - Portal Projectile              Translocation                3
   e - Teleport Other                 Translocation                3
   f - Passage of Golubria            Translocation                4
Comestibles
 a - a slice of pizza
 f - 4 meat rations
 j - 2 beef jerkies

Table legend:
 A = Turns spent in this place as a percentage of turns spent in the entire game.
 B = Non-inter-level travel turns spent in this place as a percentage of non-inter-level travel turns spent in the entire game.
 C = Inter-level travel turns spent in this place as a percentage of turns spent in this place.
 D = Turns resting spent in this place as a percentage of non-inter-level travel turns spent in this place.
 E = Turns spent auto-exploring this place as a percentage of non-inter-level travel turns spent in this place.
 F = Non-inter-level travel turns spent in this place divided by the number of levels of this place that you've seen.
                   A       B       C       D       E      F
               +-------+-------+-------+-------+-------+----------------------
         Total | 100.0 | 100.0 |   0.5 |   5.9 |   6.8 | 296.0
       Dungeon | 100.0 | 100.0 |   0.5 |   5.9 |   6.8 | 296.0
               +-------+-------+-------+-------+-------+----------------------


   Skills:
 - Level 2.0 Fighting
 - Level 3.2 Dodging
 * Level 6.6 Unarmed Combat
 - Level 2.0 Spellcasting
 - Level 5.4 Translocations


You couldn't memorise any spells.
You knew the following spells:

 Your Spells              Type           Power        Failure   Level  Hunger
a - Apportation           Tloc           ###.......   2%          1    #......
b - Shroud of Golubria    Chrm/Tloc      ##........   12%         2    ###....
c - Passage of Golubria   Tloc           N/A          28%         4    #####..
d - Blink                 Tloc           N/A          4%          2    ###....


Dungeon Overview and Level Annotations

Branches:
Dungeon (5/15)             Temple (0/1) D:5

Altars:
Elyvilon
Gozag
Trog
Xom


Innate Abilities, Weirdness & Mutations

You cannot wear armour.
You are incapable of wielding weapons or throwing items.
Your paws have sharp claws.
You have razor-sharp teeth.
You have supernaturally acute eyesight.
You are carnivorous and can eat meat at any time.
You cover ground quickly.
You are covered in thick fur (AC +2).
You have a slow metabolism.


Message History

You miscast Shroud of Golubria.
You are very lightly contaminated with residual magic.
Nothing appears to happen.
The phantom misses you.
You scratch the phantom.
The phantom is lightly damaged.
The phantom hits you.
You barely miss the phantom.
The phantom is lightly damaged.
The phantom blinks!
Casting: Shroud of Golubria
Confirm with . or Enter, or press ? or * to list all spells.
Space distorts slightly along a thin shroud covering your body.
You scratch the phantom. You claw the phantom, but do no damage.
Your bite misses the phantom.
The phantom is lightly damaged.
The phantom hits you.
You scratch the phantom but do no damage.
The phantom is lightly damaged.
You barely miss the phantom.
The phantom is lightly damaged.
The phantom barely misses you.
You closely miss the phantom.
The phantom is lightly damaged.
The phantom misses you.
You miss the phantom.
The phantom is lightly damaged.
The phantom barely misses you.
You scratch the phantom but do no damage.
You bite the phantom.
The phantom is lightly damaged.
The phantom hits you.
Your shroud falls apart!
You are too injured to fight recklessly!
You scratch the phantom but do no damage.
The phantom is lightly damaged.
The phantom blinks!
The centaur shouts!
The centaur shoots an arrow.
The arrow hits you!
Ouch! That really hurt!
You die...

. .... o§o. .....
§o... ...(. ...#.
#W.. .....# ###...
.#.#.#
......########
....?. #.........#
...### #..@§.....#
...# #...).....#
..## #.........# #.#
#.........# #.#####
##c!.......#
#.....##
#........###.#
#.###..##...########
.# ..####....#####
.. ###..).........
#.


You could see a phantom and a centaur.

Table legend:
 A = Kills in this place as a percentage of kills in entire the game.
 B = Kills by you in this place as a percentage of kills by you in the entire game.
 C = Kills by friends in this place as a percentage of kills by friends in the entire game.
 D = Other kills in this place as a percentage of other kills in the entire game.
 E = Experience gained in this place as a percentage of experience gained in the entire game.
 F = Experience gained in this place divided by the number of levels of this place that you have seen.
                   A       B       C       D       E      F
               +-------+-------+-------+-------+-------+----------------------
         Total | 100.0 | 100.0 |  -nan |  -nan | 100.0 | 108.6
       Dungeon | 100.0 | 100.0 |  -nan |  -nan | 100.0 | 108.6
               +-------+-------+-------+-------+-------+----------------------

Vanquished Creatures
  2 scorpions
  A hound (D:5)
  An iguana (D:5)
  2 worker ants (D:4)
  A hound skeleton (D:4)
  Robin (D:3)
  3 adders
  A giant mite (D:3)
  2 worms
  2 giant geckos
  An ooze (D:2)
  13 orcs
  8 bats
  18 goblins
  14 hobgoblins
  12 kobolds
  5 quokkas
  2 giant cockroaches (D:3)
  3 giant newts
  10 rats
102 creatures vanquished.

Action                   |  1- 3 |  4- 6 || total
-------------------------+-------+-------++-------
Melee: Unarmed           |   188 |   183 ||   371
 Cast: Shroud of Golubri |     3 |    24 ||    27
  Use: Potion            |     1 |       ||     1
       Scroll            |       |     8 ||     8
 Stab: Distracted        |     1 |       ||     1
       Sleeping          |     3 |     2 ||     5
  Eat: Chunk             |     9 |    13 ||    22

Vault maps used:
D:1:      eino_arrival_water_cross
D:2:      nicolae_overflow_crystal_walls, first_bread, guppyfry_early_orc_mine
D:3:      minitemple, minmay_misc_feat_square, bloody_trog, uniq_robin
D:5:      minmay_temple_entry_purple_smoke, nrook_loot_triangle,
          roderic_serpentine_path
